 Dungeon Crawl Stone Soup version 0.29.1-13-g9f3cf754e1 (webtiles) character file.

Game seed: 9042035960831658703

2966 Hrothgar the Slasher (level 9, -3/82 HPs)
             Began as a White Draconian Fighter on Feb 9, 2023.
             Was a Believer of Ru.
             Killed by nerve-wracking pain
             ... invoked by Menkaure
              (9 damage)
             ... on level 7 of the Dungeon.
             The game lasted 00:37:58 (8203 turns).

Hrothgar the Slasher (White Draconian Fighter)      Turns: 8203, Time: 00:37:59

Health: -3/82      AC:  9    Str: 21    XL:     9   Next: 52%
Magic:  13/13      EV: 14    Int:  8    God:    Ru [**....]
Gold:   160        SH:  0    Dex: 13    Spells: 14/14 levels left

rFire   . . .      SeeInvis .   g - +4 battleaxe
rCold   + . .      Faith    .   (shield currently unavailable)
rNeg    . . .      Spirit   .   (body armour unavailable)
rPois   .          Reflect  .   (helmet restricted)
rElec   .          Harm     .   (no cloak)
rCorr   .          Rampage  .   l - +1 pair of gloves
Will    .....                   (no boots)
Stlth   ++........              (no amulet)
HPRegen 0.23/turn               (no ring)
MPRegen 0.13/turn               (no ring)

@: short of breath, weakened, unable to read
A: breathe frost, AC +7, unfitting armour, cold resistance 1, cold-blooded,
inability to read after injury 2, cowardly, robust 1, subdued magic 1
a: Breathe Frost, Renounce Religion


You were on level 7 of the Dungeon.
You worshipped Ru.
Ru was pleased with you.
You visited 1 branch of the dungeon, and saw 7 of its levels.
You also visited: Sewer.

You collected 390 gold pieces.
You spent 230 gold pieces at shops.

Inventory:

Hand Weapons
 a - a +1 long sword
 d - a +0 dagger
 g - a +4 battleaxe (weapon)
Armour
 b - a +0 buckler
 l - a +1 pair of gloves (worn)
Jewellery
 q - a ring of positive energy
Wands
 h - a wand of flame (1)
 m - a wand of roots (3)
 p - a wand of charming (14)
Scrolls
 c - 3 scrolls of teleportation
 f - 5 scrolls of butterflies
 k - a scroll of noise
 o - 2 scrolls of vulnerability
 r - 2 scrolls of torment
 s - a scroll of magic mapping
Potions
 e - 2 potions of lignification
 i - 2 potions of flight {unknown}
 j - a potion of ambrosia
 n - a potion of haste
 t - a potion of attraction {unknown}
 u - 2 potions of brilliance


   Skills:
 * Level 6.0 Fighting
 * Level 7.8 Long Blades
 * Level 0.2 Axes
 * Level 2.5 Throwing
 * Level 5.4 Dodging
 * Level 3.6 Stealth
 * Level 5.0 Shields
 * Level 3.2 Spellcasting
 * Level 3.4 Evocations


You had 14 spell levels left.
You didn't know any spells.
Your spell library contained the following spells:

 Spells                   Type           Power      Damage    Failure   Level
 Chain Lightning          Conj/Air       0%         N/A       100%        9
 Fire Storm               Conj/Fire      0%         5d1       100%        9
 Shatter                  Erth           0%         3d5*      100%        9


Dungeon Overview and Level Annotations

Branches:
Dungeon (7/15)             Temple (0/1) D:4           Sewer (visited)

Altars:
Elyvilon
Kikubaaqudgha
Makhleb
Nemelex Xobeh
Ru

Shops:
D:4 *   D:6 ?   D:7 [

Annotations:
D:7 Menkaure


Innate Abilities, Weirdness & Mutations

You can breathe waves of freezing cold which knock back foes.
Your icy white scales are hard. (AC +7)
You cannot fit into any form of body armour.
Your flesh is cold resistant. (rC+)
You are cold-blooded and may be slowed by cold attacks.
You sometimes lose the ability to read scrolls when taking damage.
Your cowardice makes you less effective in combat with threatening foes.
You are robust. (+10% HP)
Your spells are a little easier to cast, but a little less powerful.


Message History

You closely miss the gnoll.
The gnoll is heavily wounded.
You slash the gnoll!
You kill the gnoll!
You slash Menkaure! You barely miss the gnoll. Menkaure barely misses you.
The gnoll closely misses you.
The gnoll is stunned by your conviction and fails to attack.
The gnoll hits you but does no damage.
You slice the gnoll!!
You kill the gnoll!
You hit Menkaure but do no damage. You barely miss the gnoll.
The gnoll closely misses you.
The gnoll bouda barks out a call to the hunt!
The gnolls pick up the pace!
Menkaure barely misses you. The gnoll closely misses you.
The gnoll barely misses you. Menkaure closely misses you.
Unknown command.
You slice the gnoll!!
You kill the gnoll!
You barely miss Menkaure. You hit the gnoll bouda. The gnoll misses you.
The gnoll bouda hits you but does no damage.
Menkaure closely misses you. The gnoll bouda closely misses you.
The gnoll hits you but does no damage.
Unknown command.
You slash Menkaure!
Menkaure is severely damaged.
You hit the gnoll bouda.
You can read scrolls again.
Menkaure barely misses you.
The gnoll hits you from afar with a +2 spear of freezing!
You feel threatened and lose the ability to read scrolls!
* * * LOW HITPOINT WARNING * * *
The gnoll freezes you.
* * * LOW HITPOINT WARNING * * *
The gnoll bouda gazes fiercely through you!
You feel your attacks grow feeble.
The gnoll bouda hits you but does no damage.
Menkaure gestures at you while chanting.
Pain shoots through your body!
You die...

..........###...#.
..........#....#.
#............... #
#.......# ....#. #.#
#.....# ...## .... ##
#.....####..##
.....#.####..†....##...#
##....................##
.......@)#'#.....#.#....
##....)Mg+∩+..######....
#......g#+#### ##...
##....... #....
###...... #.... #####...
##### ###. ##


You could see Menkaure, a gnoll bouda and a gnoll (swift).

Vanquished Creatures
  Pikel (D:4)
  Duvessa (D:4)
  An orc warrior (D:7)
  4 black bears
  A sky beast (D:6)
  An ice beast (D:5)
  2 centaurs
  An ogre (D:4)
  2 lemures (D:4)
  2 phantoms
  4 bullfrogs
  A gnoll sergeant (D:6)
  2 scorpions
  4 wights (D:6)
  Dowan (D:4)
  A jelly (D:6)
  2 orc priests
  2 hounds (D:5)
  5 iguanas
  3 orc wizards
  14 gnolls
  8 adders
  A shadow imp (D:6)
  2 ufetubi
  3 worms
  5 dart slugs
  8 orcs
  5 endoplasms
  11 giant cockroaches
  5 goblins
  5 hobgoblins
  3 jackals (D:5)
  4 quokkas
  11 ball pythons
  4 bats
  7 frilled lizards
  7 kobolds
  7 rats
151 creatures vanquished.

Vanquished Creatures (collateral kills)
  2 wights (D:7)
  A gnoll (D:6)
  3 orcs (D:7)
  A quokka (D:4)
7 creatures vanquished.

Vanquished Creatures (others)
  A gnoll sergeant (D:6)
  A howler monkey (D:6)
  A gnoll (D:6)
  A butterfly (D:6)
4 creatures vanquished.

Grand Total: 162 creatures vanquished

Notes
Turn   | Place    | Note
-------+----------+-------------------------------------------
     0 | D:1      | Hrothgar the Draconian Fighter began the quest for the Orb.
     0 | D:1      | Reached XP level 1. HP: 19/19 MP: 1/1
    64 | D:1      | Reached XP level 2. HP: 11/26 MP: 2/2
   324 | D:1      | Gained mutation: Your mind is acute. (Int +4, Str/Dex -1)
                  | [potion of mutation]
   324 | D:1      | Gained mutation: You are clumsy. (Dex -2) [potion of
                  | mutation]
   324 | D:1      | Gained mutation: You are somewhat resistant to further
                  | mutation. [potion of mutation]
   660 | D:2      | Found a sacrificial altar of Ru.
   670 | D:2      | Became a worshipper of Ru the Awakened
   737 | D:2      | Reached XP level 3. HP: 19/33 MP: 3/3
  1755 | D:1      | You fall into a shaft and drop 1 floor!
  2268 | D:3      | Reached skill level 3 in Long Blades
  2268 | D:3      | Reached XP level 4. HP: 40/40 MP: 4/4
  2298 | D:3      | Gained mutation: Your cowardice makes you less effective in
                  | combat with threatening foes. [Ru sacrifice]
  2298 | D:3      | Reached * piety under Ru
  2449 | D:4      | Found a glowing drain.
  2466 | D:4      | Reached skill level 1 in Stealth
  2482 | Sewer    | Entered a sewer
  2679 | Sewer    | Noticed a bullfrog
  2684 | Sewer    | Killed a bullfrog
  2685 | Sewer    | Reached XP level 5. HP: 42/46 MP: 5/5
  2717 | Sewer    | Reached skill level 4 in Long Blades
  2975 | D:4      | Found Hotwoen's General Store.
  2981 | D:4      | Bought a scroll of torment for 104 gold pieces
  2981 | D:4      | Bought a scroll of identify for 22 gold pieces
  3071 | D:4      | Reached skill level 1 in Spellcasting
  3071 | D:4      | Reached skill level 1 in Evocations
  3071 | D:4      | Reached XP level 6. HP: 22/52 MP: 7/7
  3336 | D:4      | Noticed Dowan
  3337 | D:4      | Noticed Duvessa
  3363 | D:4      | Killed Duvessa
  3554 | D:4      | Your scales start taking on an icy white colour.
  3554 | D:4      | Reached XP level 7. HP: 27/59 MP: 8/8
  3554 | D:4      | Gained mutation: Your flesh is cold resistant. (rC+) [White
                  | Draconian growth]
  3728 | D:4      | Found a staircase to the Ecumenical Temple.
  3761 | D:4      | Reached skill level 5 in Long Blades
  4046 | D:4      | Killed Dowan
  4169 | D:4      | Found an ancient bone altar of Kikubaaqudgha.
  4170 | D:4      | Noticed Pikel
  4858 | D:4      | Killed Pikel
  4859 | D:4      | Reached skill level 6 in Long Blades
  4859 | D:4      | Reached skill level 1 in Throwing
  4859 | D:4      | Reached XP level 8. HP: 63/67 MP: 9/11
  4968 | D:5      | Entered Level 5 of the Dungeon
  5006 | D:5      | Reached skill level 5 in Fighting
  5132 | D:5      | Found a sparkling altar of Nemelex Xobeh.
  5337 | D:5      | Reached skill level 5 in Dodging
  5818 | D:5      | Gained mutation: You occasionally lose the ability to read
                  | scrolls when taking damage. [Ru sacrifice]
  5818 | D:5      | Gained mutation: You sometimes lose the ability to read
                  | scrolls when taking damage. [Ru sacrifice]
  5818 | D:5      | Reached ** piety under Ru
  6006 | D:6      | Found a burning altar of Makhleb.
  6016 | D:6      | Found Xinue's Magic Scroll Shop.
  6063 | D:6      | Bought a scroll of identify for 26 gold pieces
  6063 | D:6      | Bought a scroll of poison for 52 gold pieces
  6063 | D:6      | Bought a scroll of identify for 26 gold pieces
  6147 | D:6      | Reached skill level 7 in Long Blades
  6147 | D:6      | Reached XP level 9. HP: 31/74 MP: 13/13
  7364 | D:6      | Lost mutation: You are clumsy. (Dex -2) [potion of
                  | mutation]
  7364 | D:6      | Lost mutation: You are somewhat resistant to further
                  | mutation. [potion of mutation]
  7364 | D:6      | Lost mutation: Your mind is acute. (Int +4, Str/Dex -1)
                  | [potion of mutation]
  7364 | D:6      | Gained mutation: You are robust. (+10% HP) [potion of
                  | mutation]
  7364 | D:6      | Gained mutation: Your spells are a little easier to cast,
                  | but a little less powerful. [potion of mutation]
  7431 | D:6      | Found a white marble altar of Elyvilon.
  7828 | D:7      | Reached skill level 5 in Shields
  8182 | D:7      | Found Enwem's Armour Emporium.
  8193 | D:7      | Noticed Menkaure
  8203 | D:7      | Killed from afar by Menkaure

Illustrated notes

Levels and vault maps discovered:
D:1:      giann_bridges, layout_rooms, minivault_23, minmay_3d_cube
D:2:      layout_loops_ring, basic_altar
D:3:      minmay_door_path, layout_loops_corners, ebering_ghost_gozag
D:4:      layout_cave_pods, lemuel_tele_altar, minmay_temple_entry_slanted,
          cheibrodos_sewer_entry_bend, serial_shops,
          nicolae_shop_temple_entry_statues_fountains, minmay_misc_feat_hallway,
          uniq_pikel, uniq_duvessa
D:5:      layout_loops_corners, mainiacjoe_overflow_chevrons
D:6:      layout_basic, nicolae_elyvilon_peaceful_grove, amcnicky_altar_gilded,
          serial_shops, shop, minmay_pentangle
D:7:      layout_cave_pools, serial_shops, kennysheep_mini,
          lightli_church_of_beogh, uniq_maggie, uniq_menkaure

Skill      XL: |  1  2  3  4  5  6  7  8  9 |
---------------+----------------------------+-----
Dodging        | 3 4 5 |  5.4
Long Blades    | 3 4 6 7 |  7.8
Stealth        | 1 2 3 |  3.6
Fighting       | 4 5 6 |  6.0
Spellcasting   | 1 2 3 |  3.2
Evocations     | 1 2 3 |  3.4
Shields        | 4 5 |  5.0
Throwing       | 1 2 |  2.5
Axes           | |  0.2

Action                   |  1- 3 |  4- 6 |  7- 9 || total
-------------------------+-------+-------+-------++-------
Melee: Long sword        |   112 |   116 |   197 ||   425
       Tailslap          |    12 |    10 |    31 ||    53
       Battleaxe         |       |       |    13 ||    13
Throw: Throwing net      |       |       |     2 ||     2
Invok: Sacrifice Courage |       |     1 |       ||     1
       Sacrifice Words   |       |       |     1 ||     1
 Abil: Breathe Frost     |       |       |    41 ||    41
Evoke: Wand              |       |    14 |    13 ||    27
  Use: Scroll            |     5 |     6 |    13 ||    24
       Potion            |     1 |     3 |     5 ||     9
 Stab: Sleeping          |     1 |       |     1 ||     2
       Distracted        |       |       |     1 ||     1
Armor: Skin              |    31 |    53 |    94 ||   178
Dodge: Dodged            |    98 |    84 |   146 ||   328
Block: Buckler           |    20 |    31 |    47 ||    98
